 Dungeon Crawl Stone Soup version 0.23-a0-635-g88ca12a (webtiles) character file.

151 Rank the Insei (level 5, -8/33 HPs)
             Began as an Octopode Transmuter on Dec 27, 2018.
             Was an Initiate of Elyvilon.
             Mangled by Sigmund
             ... wielding a +0 scythe
              (14 damage)
             ... on level 3 of the Dungeon on Dec 28, 2018.
             The game lasted 00:06:17 (3266 turns).

Rank the Insei (Octopode Transmuter)                Turns: 3266, Time: 00:06:17

Health: -8/33      AC:  1    Str:  9    XL:     5   Next: 33%
Magic:  6/8        EV: 16    Int: 15    God:    Elyvilon [......]
Gold:   66         SH:  0    Dex: 14    Spells: 2/8 levels left

rFire    . . .     SeeInvis .     - Unarmed
rCold    . . .     Gourm    .   (no shield)
rNeg     . . .     Faith    .   (helmet restricted)
rPois    .         Spirit   .   (no amulet)
rElec    .         Reflect  .   j - +3 ring of evasion
rCorr    .         Harm     .   (no ring)
MR       .....                  (no ring)
Stlth    +++.......             (no ring)
HPRegen  0.11/turn              (no ring)
MPRegen  0.11/turn              (no ring)
                                (no ring)
                                (no ring)

@: no status effects
A: almost no armour, stealthy swim, amphibious, 8 rings, constrict 8, camouflage
1, gelatinous body 1
a: Renounce Religion


You were on level 3 of the Dungeon.
You worshipped Elyvilon.
Elyvilon was noncommittal.
You were not hungry.

You visited 1 branch of the dungeon, and saw 3 of its levels.

You collected 66 gold pieces.

Inventory:

Missiles
 a - 89 arrows
Jewellery
 b - an uncursed ring of resist corrosion {unknown}
 j - a +3 ring of evasion (left tentacle)
 l - an uncursed amulet of faith {unknown}
Scrolls
 d - a scroll of identify {unknown}
 f - 4 scrolls of teleportation {unknown}
 h - a scroll of blinking {unknown}
 i - a scroll of remove curse {unknown}
 k - a scroll of amnesia {unknown}
Potions
 e - a potion of curing {unknown}
 g - a potion of lignification {unknown}
 m - a potion of agility {unknown}
Comestibles
 c - 8 rations
 n - 2 chunks of flesh


   Skills:
 + Level 1.2 Fighting
 + Level 2.2 Dodging
 - Level 1.1 Stealth
 + Level 4.5 Unarmed Combat
 + Level 2.4 Spellcasting
 + Level 2.7 Transmutations
 * Level 1.7 Poison Magic


You had 2 spell levels left.
You knew the following spells:

 Your Spells              Type           Power        Failure   Level  Hunger
a - Beastly Appendage     Tmut           ##....       7%          1    #......
b - Sticks to Snakes      Tmut           ##......     11%         2    ###....
c - Spider Form           Tmut/Pois      #.........   26%         3    ###....

Your spell library contained the following spells:

 Spells                   Type           Power        Failure   Level  Hunger
 Magic Dart               Conj           #...         22%         1    #......
 Blink                    Tloc           N/A          32%         2    ###....
 Call Imp                 Summ           #.......     32%         2    ###....
 Slow                     Hex            #.......     32%         2    ###....
 Mephitic Cloud           Conj/Pois/Air  #.......     45%         3    ###....
 Conjure Flame            Conj/Fire      #.......     54%         3    ###....
 Ice Form                 Ice/Tmut       #.......     77%         4    #####..
 Blade Hands              Tmut           ##........   88%         5    ######.


Dungeon Overview and Level Annotations

Branches:
Dungeon (3/15)

Altars:
Elyvilon
Ru

Annotations:
D:2 exclusion: downstairs
D:3 2 runed doors, Lilu's ghost, weakling DEWz; Sigmund


Innate Abilities, Weirdness & Mutations

You cannot wear most types of armour.
You are very stealthy in the water. (Stealth+)
You are amphibious.
You can wear up to eight rings at the same time.
You can use your tentacles to constrict eight enemies at once.
Your skin changes colour to match your surroundings (Stealth+).
Your rubbery body absorbs attacks. (AC +1, EV +1)


Message History

A magic dart appears from out of thin air!
The magic dart hits you!
* * * LOW HITPOINT WARNING * * *
Your transformation is almost over.
The adder misses you.
You hit the adder but do no damage. The adder closely misses you.
You completely miss the adder. Something closely misses you.
The adder misses you.
You hit the adder.
The adder is poisoned.
The adder is lightly wounded.
The adder completely misses you. Something closely misses you.
You closely miss the adder.
The adder is lightly wounded.
The adder barely misses you. The adder completely misses you.
You hit the adder.
The adder looks as sick as possible!
The adder is severely wounded.
Your transformation has ended.
You kill the adder!
Something hits you!
You die...

#################
............(...#########
#.).................#
#[#########.#####...###
.. #@###.......### #.
#.............# #
#..##.......#.#
#..####...###.#
##..#....).# #.#
...#.###.## #.# ..... #.#
#.# #..#.###.# #.#
#.##..#.....# #.#


There were no monsters in sight!

Vanquished Creatures
  A worker ant (D:2)
  3 gnolls
  4 adders
  An ooze (D:1)
  A worm (D:2)
  3 dart slugs
  3 leopard geckos
  4 bats
  2 giant cockroaches (D:2)
  5 goblins (D:1)
  5 hobgoblins
  3 jackals (D:2)
  2 frilled lizards
  9 kobolds
  10 rats
56 creatures vanquished.

Notes
Turn   | Place    | Note
-------+----------+-------------------------------------------
     0 | D:1      | Rank the Octopode Transmuter began the quest for the Orb.
     0 | D:1      | Reached XP level 1. HP: 13/13 MP: 3/3
   243 | D:1      | Reached XP level 2. HP: 6/18 MP: 5/5
   439 | D:1      | Learned a level 2 spell: Sticks to Snakes
   928 | D:1      | Reached XP level 3. HP: 21/23 MP: 4/6
   938 | D:1      | Learned a level 3 spell: Spider Form
  1361 | D:2      | Reached skill level 4 in Unarmed Combat
  1424 | D:2      | Found a white marble altar of Elyvilon.
  1449 | D:2      | Became a worshipper of Elyvilon the Healer
  1502 | D:2      | Reached skill level 1 in Stealth
  1502 | D:2      | Reached skill level 1 in Poison Magic
  1502 | D:2      | Reached XP level 4. HP: 25/28 MP: 2/7
  1741 | D:2      | Found a sacrificial altar of Ru.
  2110 | D:2      | Found a faded altar of an unknown god.
  2584 | D:3      | Found a large runed door.
  2584 | D:3      | Found a large runed door.
  2587 | D:3      | Noticed Lilu's ghost (weakling DEWz)
  2971 | D:2      | Reached XP level 5. HP: 22/33 MP: 4/8
  3245 | D:3      | Noticed Sigmund
  3266 | D:3      | Mangled by Sigmund

Vault maps used:
D:1:      sevenhm_arrival_forest_fort_small_5
D:2:      lemuel_crystal_altar, nicolae_ru_path_of_blood,
          chequers_ecumenical_altar_simple
D:3:      first_ration, ebering_ghost_disaster_area, uniq_sigmund

Skill      XL: |  1  2  3 |
---------------+----------+-----
Unarmed Combat | 4 |  4.5
Stealth        | 1 |  1.1
Poison Magic   | 1 |  1.7
Fighting       | |  1.2
Dodging        | |  2.2
Spellcasting   | |  2.4
Transmutations | |  2.7

Action                   |  1- 3 |  4- 6 || total
-------------------------+-------+-------++-------
Melee: Unarmed           |    68 |    56 ||   124
       Kick              |    14 |     7 ||    21
       Constrict         |    19 |    11 ||    30
       Tentacles         |     5 |    10 ||    15
       Punch             |     1 |     1 ||     2
 Cast: Beastly Appendage |    19 |     7 ||    26
       Sticks to Snakes  |     1 |     3 ||     4
       Spider Form       |       |     5 ||     5
 Stab: Sleeping          |     8 |       ||     8
       Distracted        |     1 |       ||     1
  Eat: Chunk             |     2 |     3 ||     5
       Ration            |       |     1 ||     1
Armor: Skin              |     2 |     1 ||     3
Dodge: Dodged            |    29 |    57 ||    86

Table legend:
 A = Non-vault XP
 B = Vault XP
 C = Vault XP percentage of total XP
 D = Non-vault monster count
 E = Vault monster count
 F = Vault count percentage of total count
                 A         B        C        D         E       F
            +---------+---------+-------+---------+---------+-------
      Total |     217 |       0 |   0.0 |      56 |       0 |   0.0
            +---------+---------+-------+---------+---------+-------
        D:1 |      51 |       0 |   0.0 |      27 |       0 |   0.0
        D:2 |     116 |       0 |   0.0 |      22 |       0 |   0.0
        D:3 |      50 |       0 |   0.0 |       7 |       0 |   0.0
            +---------+---------+-------+---------+---------+-------
